 Dungeon Crawl Stone Soup version 0.27.1 (webtiles) character file.

Game seed: 8983891722149460640

364 Malachi the Vexing (level 6, -1/41 HPs)
             Began as a Vampire Enchanter on Aug 21, 2021.
             Was a Believer of Lugonu.
             Killed by divine providence
             ... invoked by an orc priest
              (10 damage)
             ... on level 4 of the Dungeon.
             The game lasted 00:08:17 (4248 turns).

Malachi the Vexing (Vampire Enchanter)              Turns: 4248, Time: 00:08:18

Health: -1/41      AC:  5    Str:  7    XL:     6   Next: 39%
Magic:  6/9        EV: 11    Int: 19    God:    Lugonu [**....]
Gold:   138        SH:  0    Dex: 15    Spells: 3/9 levels left

rFire    . . .     SeeInvis +   b - +3 rapier
rCold    . . .     Faith    .   (no shield)
rNeg     + . .     Spirit   .   l - +2 leather armour {rN+}
rPois    .         Reflect  .   (no helmet)
rElec    .         Harm     .   (no cloak)
rCorr    .         Rampage  .   (no gloves)
Will     .....                  (no boots)
Stlth    +++.......             (no amulet)
HPRegen  0.33/turn              (no ring)
MPRegen  0.11/turn              (no ring)

@: healing quickly
A: alive, fangs 3, see invisible, vampiric 2
a: Exsanguinate, Renounce Religion, Depart the Abyss, Bend Space


You were on level 4 of the Dungeon.
You worshipped Lugonu.
Lugonu was pleased with you.
You visited 1 branch of the dungeon, and saw 4 of its levels.

You collected 138 gold pieces.

Inventory:

Hand Weapons
 a - a +1 dagger
 b - a +3 rapier (weapon)
Armour
 l - a +2 leather armour of positive energy (worn)
Wands
 k - a wand of flame (10)
 o - a wand of polymorph (5)
Scrolls
 f - a scroll of blinking {unknown}
 g - a scroll of enchant weapon
 n - a scroll of fog {unknown}
Potions
 c - a potion of berserk rage {unknown}
 d - a potion of curing
 e - a potion of brilliance
 h - a potion of might
 i - a potion of heal wounds {unknown}
 j - a potion of haste
 m - a potion of cancellation {unknown}


   Skills:
 - Level 1.1 Short Blades
 - Level 2.1 Dodging
 - Level 5.6 Stealth
 - Level 2.0 Spellcasting
 + Level 7.7 Hexes
 + Level 4.1 Ice Magic


You had 3 spell levels left.
You knew the following spells:

 Your Spells              Type           Power      Damage    Failure   Level
a - Corona                Hex            34%        N/A       1%          1
b - Ensorcelled Hibernat  Hex/Ice        48%        N/A       3%          2
c - Confusing Touch       Hex            31%        N/A       3%          3

Your spell library contained the following spells:

 Spells                   Type           Power      Damage    Failure   Level
 Tukima's Dance           Hex            31%        N/A       3%          3
 Dazzling Flash           Conj/Hex       32%        N/A       16%         3
 Inner Flame              Hex/Fire       16%        N/A       16%         3
 Foxfire                  Conj/Fire      4%         2x1d4     26%         1
 Conjure Flame            Conj/Fire      1%         6-21      58%         3
 Spider Form              Tmut/Pois      0%         N/A       58%         3
 Shadow Creatures         Summ           N/A        N/A       100%        6


Dungeon Overview and Level Annotations

Branches:
Dungeon (4/15)
 Temple: D:4-7

Altars:
Dithmenos
Lugonu


Innate Abilities, Weirdness & Mutations

Your natural rate of healing is accelerated.
You have razor-sharp teeth.
You have supernaturally acute eyesight. (SInv)
You are afflicted with vampirism and can become a bat while bloodless.


Message History

o - a wand of polymorph (5)
An orc comes into view. It is wielding a +0 war axe.
An orc comes into view. It is wielding a +0 morningstar.
An orc comes into view. It is wielding a +0 dagger.
Casting: Confusing Touch (dangerous; 3% risk of failure)
Confirm with . or Enter, or press ? or * to list all spells.
Your hands begin to glow red.
The orc hits you with a +0 dagger.
You hit the orc but do no damage.
The orc appears confused.
The orc shouts!
The orc priest shouts!
The orc closely misses you. The orc hits you with a +0 morningstar.
The orc barely misses you.
The orc hits the orc with a +0 dagger.
Something hits the orc but does no damage.
The orc priest looks braver for a moment.
Things that are here:
a +0 morningstar; a +0 ring mail; an orc corpse The orc priest invokes the aid of Beogh against you.
Beogh smites you!
Something hits the orc priest.
The orc hits you with a +0 morningstar.
You barely miss the orc.
The orc is moderately wounded.
The orc hits you with a +0 morningstar!
Casting: Confusing Touch (dangerous; 3% risk of failure)
Confirm with . or Enter, or press ? or * to list all spells.
Your hands begin to glow red.
A bullfrog skeleton comes into view.
The orc barely misses you.
You hit the orc but do no damage.
The orc appears confused.
Your bite misses the orc.
The orc is moderately wounded.
The orc misses you.
You hit the orc but do no damage. The orc hits you with a +0 war axe!
* * * LOW HITPOINT WARNING * * *
The bullfrog skeleton barely misses you.
Things that are here:
a +0 mace; 4 boomerangs; an orc corpse The orc priest mumbles some strange prayers to Beogh against you.
Beogh smites you!
You die...

#o# ...# ..# # #.# ...#
#.# ###.###.######.# #.#
......o.....o..#### #.#
###.##.......Z....# #.#
# #..#####o.##.# #.#
#..#####..##.###†#
#......#..)......#######
#.####..).)@...........#
#.# #######.##.######.#
#.##########.##.#
#............##.#
###############.# #.#
#.# #.# #.# #.# #.# #.#
##)# #.#


You could see an orc priest, an orc and a bullfrog skeleton.

Vanquished Creatures
  An ogre (D:4)
  2 orc priests (D:4)
  Ijyb (D:3)
  An iguana (D:3)
  Natasha (thrice) (D:2)
  A hound skeleton (D:4)
  5 adders
  A worm (D:2)
  2 dart slugs
  3 orcs (D:4)
  4 ball pythons
  3 endoplasms
  2 giant cockroaches (D:4)
  2 jackals (D:1)
  A quokka (D:2)
  A bat (D:1)
  A frilled lizard (D:3)
  6 goblins
  4 rats
44 creatures vanquished.

Vanquished Creatures (others)
  2 plants (D:1)
  3 withered plants (D:1)
5 creatures vanquished.

Grand Total: 49 creatures vanquished

Notes
Turn   | Place    | Note
-------+----------+-------------------------------------------
     0 | D:1      | Malachi the Vampire Enchanter began the quest for the Orb.
     0 | D:1      | Reached XP level 1. HP: 13/13 MP: 3/3
   405 | D:1      | Reached skill level 5 in Stealth
   691 | D:1      | Found a faded altar of an unknown god.
   828 | D:2      | Reached XP level 2. HP: 19/19 MP: 5/5
   831 | D:2      | Learned a level 2 spell: Ensorcelled Hibernation
   990 | D:2      | Noticed Natasha
   998 | D:2      | Killed Natasha
   999 | D:2      | Reached skill level 5 in Hexes
   999 | D:2      | Reached skill level 1 in Ice Magic
   999 | D:2      | Gained mutation: You are afflicted with vampirism and can
                  | become a bat while bloodless. [Vampire growth]
   999 | D:2      | Reached XP level 3. HP: 20/24 MP: 4/6
  1019 | D:2      | Learned a level 3 spell: Confusing Touch
  1068 | D:2      | Noticed Natasha
  1378 | D:2      | Found a shadowy altar of Dithmenos.
  1428 | D:2      | Killed Natasha
  1429 | D:2      | Reached XP level 4. HP: 26/30 MP: 2/7
  1828 | D:2      | Noticed Natasha
  1851 | D:2      | Killed Natasha
  2170 | D:1      | Became a worshipper of Lugonu the Unformed
  2170 | D:1      | Reached * piety under Lugonu
  2170 | D:1      | Reached ** piety under Lugonu
  2296 | D:3      | Reached skill level 6 in Hexes
  2323 | D:3      | Reached XP level 5. HP: 30/35 MP: 5/8
  2512 | D:3      | Noticed Ijyb
  2539 | D:3      | Killed Ijyb
  3531 | D:4      | Noticed an ogre
  3542 | D:4      | Killed an ogre
  3543 | D:4      | Reached skill level 7 in Hexes
  3556 | D:4      | Reached XP level 6. HP: 11/41 MP: 4/9
  4248 | D:4      | Killed from afar by an orc priest

Illustrated notes

Levels and vault maps discovered:
D:1:      ncdulo_halloftheorcs, layout_basic,
          shapermc_ecumenical_altar_flowoftime
D:2:      layout_loops_ring, basic_altar, minmay_heptomino_h4, uniq_natasha
D:3:      layout_basic, uniq_ijyb
D:4:      layout_loops_ring

Skill      XL: |  1  2  3  4  5  6 |
---------------+-------------------+-----
Stealth        | 5 |  5.6
Hexes          | 5 6 7 |  7.7
Ice Magic      | 1 2 3 4 |  4.1
Short Blades   | |  1.1
Dodging        | |  2.1
Spellcasting   | |  2.0

Action                   |  1- 3 |  4- 6 || total
-------------------------+-------+-------++-------
Melee: Short sword       |    18 |       ||    18
       Dagger            |    18 |    76 ||    94
       Bite              |     1 |    16 ||    17
       Whip              |     1 |       ||     1
       Rapier            |       |    66 ||    66
 Cast: Ensorcelled Hiber |     7 |     9 ||    16
       Corona            |     1 |     1 ||     2
       Confusing Touch   |     1 |    13 ||    14
  Use: Scroll            |       |     7 ||     7
 Stab: Sleeping          |    10 |     8 ||    18
       Confused          |     1 |     3 ||     4
Armor: Robe              |     5 |     5 ||    10
       Leather armour    |       |    13 ||    13
Dodge: Dodged            |    23 |    62 ||    85
